 Dungeon Crawl Stone Soup version 0.31-a0-1025-g2e47921a08 (webtiles) character file.

Game seed: 10455616447599372220

186 kae the Vexing (level 5, 0/35 HPs)
             Began as a Demonspawn Enchanter on Nov 17, 2023.
             Slain by an orc priest
             ... wielding a +0 whip
              (6 damage)
             ... on level 3 of the Dungeon.
             The game lasted 00:02:00 (2005 turns).

kae the Vexing (Demonspawn Enchanter)               Turns: 2005, Time: 00:02:00

Health: 0/35       AC:  2    Str: 10    XL:     5   Next: 38%
Magic:  0/9        EV: 12    Int: 16    God:
Gold:   119        SH:  0    Dex: 14    Spells: 7/9 levels left

rFire   . . .        s - +2 dagger (venom)
rCold   . . .        (no shield)
rNeg    . . .        b - +0 robe
rPois   .            (helmet restricted)
rElec   .            (no cloak)
rCorr   .            (no gloves)
SInv    .            (no boots)
Will    ++...        t - amulet "Wicoosent" {Spirit Contam Will++}
Stlth   ++           (no ring)
HPRegen 0.25/turn    (no ring)
MPRegen 0.11/turn

%: guardian spirit
@: no status effects
A: horns 1, demonic magic 1
a: no special abilities


You were on level 3 of the Dungeon.
You visited 1 branch of the dungeon, and saw 3 of its levels.

You collected 119 gold pieces.


Innate Abilities, Weirdness & Mutations

You have a pair of small horns on your head.
Spells you cast may paralyse adjacent enemies.


   Skills:
 * Level 2.9 Short Blades
 - Level 1.7 Dodging
 + Level 3.4 Stealth
 + Level 2.8 Spellcasting
 + Level 3.6 Hexes
 + Level 1.3 Ice Magic


You had 7 spell levels left.
You knew the following spells:

 Your Spells              Type           Power      Damage    Failure   Level
a - Ensorcelled Hibernat  Hex/Ice        20%        N/A       11%         2

Your spell library contained the following spells:

 Spells                   Type           Power      Damage    Failure   Level
 Confusing Touch          Hex            14%        N/A       13%         3
 Tukima's Dance           Hex            14%        N/A       13%         3
 Dazzling Flash           Conj/Hex       16%        N/A       26%         3

Inventory:

Hand Weapons
 a - a +1 dagger
 s - a +2 dagger of venom (weapon)
   (You took it off a goblin on level 2 of the Dungeon)
Missiles
 d - 35 stones
 f - 4 boomerangs
 n - 2 javelins
Armour
 b - a +0 robe (worn)
Jewellery
 k - an amulet of reflection
   (You found it on level 1 of the Dungeon)
 t - the amulet "Wicoosent" (around neck) {Spirit Contam Will++}
   (You acquired it on level 3 of the Dungeon)

   [amulet of guardian spirit]

   Spirit:    It causes incoming damage to be divided between your reserves of
   health and magic.
   Will++:    It greatly increases your willpower.
   Contam:    It causes magical contamination when unequipped.
Scrolls
 e - 2 scrolls of identify {unknown}
 g - a scroll of revelation {unknown}
 h - a scroll of vulnerability {unknown}
 j - a scroll of teleportation {unknown}
 l - a scroll of enchant armour {unknown}
 o - 5 scrolls of noise {unknown}
 p - a scroll of torment {unknown}
 r - a scroll of enchant weapon {unknown}
 v - a scroll of blinking {unknown}
Potions
 c - 2 potions of invisibility
 i - a potion of ambrosia {unknown}
 m - a potion of might {unknown}
 q - a potion of curing {unknown}
 u - a potion of brilliance {unknown}

Dungeon Overview and Level Annotations

Branches:
Dungeon (3/15) Zot: 16010

Altars:

#.#...#.##.##
#.#.........#
#.......##..#
####..#.##.[####
#.........)..
#........####
##.#########.#####..##
#.....o>.............#
....##@....######...#
. #.....# #...#
#......# #...#
........# #...#
#.#..#..## #...#
#.#..#..# ..... .
....... ...... #
####..#<


You could see an orc priest (extremely poisoned).


Message History

There are monsters nearby!
An orc comes into view.
It is wielding a +0 hand axe of freezing.
You closely miss the orc priest.
The orc shouts!
The orc priest looks satisfied for a moment.
The orc priest hits you with a +0 hand axe of freezing!
The orc priest freezes you.
There are monsters nearby! 😮 HP[-8] MP[-2]
You take 8 damage, and now have 22/30 hp.
MASSIVE DAMAGE!! (PAUSE)
You lost 2 mp, and now have 5/7 mp.
You hit the orc priest but do no damage.
The orc priest is poisoned.
The orc priest looks encouraged for a moment.
You hit the orc priest but do no damage.
You headbutt the orc priest. The orc priest barely misses you.
The orc priest closely misses you.
You hit the orc priest.
The orc priest is poisoned. 😕 HP[+1]
Casting: Ensorcelled Hibernation (safe; 12% risk of failure)
Confirm with . or Enter, or press ? or * to list all spells.
Aiming: Ensorcelled Hibernation (safe; 12% risk of failure)
Press: ? - help, Shift-Dir - straight line, f - orc priest
Aim: an orc priest, wielding a +0 hand axe of freezing and wearing a +0 leather armour (heavily wounded, very poisoned, chance to affect: 43%)
The orc priest resists with some effort.
Malevolent energies surge around you. The orc priest hits you with a +0 mace!
The orc priest barely misses you. 😮 HP[-6] MP[-3]
You take 6 damage, and now have 17/30 hp.
You lost 3 mp, and now have 2/7 mp.
Unknown command.
Casting: Ensorcelled Hibernation (safe; 12% risk of failure)
Confirm with . or Enter, or press ? or * to list all spells.
Aiming: Ensorcelled Hibernation (safe; 12% risk of failure)
Press: ? - help, Shift-Dir - straight line, f/p - orc priest
Aim: an orc priest, wielding a +0 hand axe of freezing and wearing a +0 leather armour (heavily wounded, very poisoned, chance to affect: 43%)
The orc priest resists with some effort.
Malevolent energies surge around you.
The orc priest suddenly stops moving! x2 😮 MP[-2]
You lost 2 mp, and now have 0/7 mp.
Unknown command.
The helpless orc priest fails to defend itself.
You puncture the orc priest!
You kill the orc priest!
You have reached level 5! 😮 HP[+3]
You now have 35 max hp (+5).
You regained 3 hp, and now have 20/35 hp.
The helpless orc priest fails to defend itself.
You impale the orc priest!!
You kill the orc priest!
The giant cockroach closely misses you.
You hit the giant cockroach.
The giant cockroach is poisoned.
You headbutt the giant cockroach.
You kill the giant cockroach! 😮 HP[+1]
Found a stone staircase leading up.
The orc completely misses you.
The orc priest hits you but does no damage.
You see here a +0 mace.
You closely miss the orc. The orc closely misses you.
The orc priest barely misses you.
You hit the orc but do no damage.
The orc is poisoned. 😮 MP[+1]
You hit the orc. You headbutt the orc, but do no damage.
The orc barely misses you. The orc priest completely misses you.
Unknown command.
You hit the orc but do no damage.
The orc looks as sick as possible!
The orc hits you with a +0 hand axe of freezing.
The orc freezes you.
* * * LOW HITPOINT WARNING * * *
The orc priest hits you with a +0 whip.
* * * LOW HITPOINT WARNING * * *
😨 HP[-7] MP[-1]
You take 7 damage, and now have 14/35 hp.
You lost 1 mp, and now have 0/9 mp.
You hit the orc but do no damage.
The orc looks as sick as possible!
Your headbutt misses the orc.
You kill the orc!
The orc priest hits you with a +0 whip.
* * * LOW HITPOINT WARNING * * *
😱 HP[-6]
You take 6 damage, and now have 8/35 hp.
Unknown command.
You hit the orc priest.
The orc priest is poisoned.
The orc priest barely misses you.
You barely miss the orc priest. The orc priest misses you.
You barely miss the orc priest.
You headbutt the orc priest, but do no damage.
The orc priest hits you with a +0 whip.
* * * LOW HITPOINT WARNING * * *
😱 HP[-2]
You take 2 damage, and now have 6/35 hp.
You hit the orc priest.
The orc priest looks as sick as possible!
Unknown command.
You hit the orc priest.
The orc priest looks as sick as possible!
The orc priest hits you with a +0 whip.
You die...

Skill      XL: |  1  2  3  4 |
---------------+-------------+-----
Short Blades   | 1 2 |  2.9
Stealth        | 3 |  3.4
Ice Magic      | 1 |  1.3
Dodging        | |  1.7
Spellcasting   | |  2.8
Hexes          | |  3.6

Action                     |  1- 3 |  4- 6 || total
---------------------------+-------+-------++-------
  Melee: Dagger            |   112 |    54 ||   166
         Punch             |     2 |       ||     2
         Headbutt          |       |     8 ||     8
   Cast: Ensorcelled Hiber |    13 |     3 ||    16
    Use: Scroll            |       |     1 ||     1
   Stab: Sleeping          |    15 |     1 ||    16
         Distracted        |     1 |       ||     1
         Paralysed         |     3 |     3 ||     6
 Armour: Robe              |    57 |    27 ||    84
  Dodge: Dodged            |    76 |    25 ||   101
  Block: Other             |     8 |     2 ||    10

Levels and vault maps discovered:
D:1:      psy_arrival_fountain, layout_basic,
          hellmonk_ecumenical_altar_leap_of_faith, minmay_misc_feat_encased
D:2:      layout_loops_cross, basic_altar, uniq_natasha
D:3:      layout_loops_cross

Notes
Turn   | Place    | Note
-------+----------+-------------------------------------------
     0 | D:1      | kae the Demonspawn Enchanter began the quest for the Orb.
     0 | D:1      | Reached XP level 1. HP: 13/13 MP: 3/3
     0 | D:1      | magus.rc [v1.11.3]
    53 | D:1      | Found a faded altar of an unknown god.
    79 | D:1      | Reached skill level 1 in Short Blades
   102 | D:1      | HP: 2/13 [kobold/+0 short sword (2)]
   192 | D:1      | HP: 3/13 [dart slug/slug dart (5)]
   194 | D:1      | Gained mutation: Spells you cast may paralyse adjacent
                  | enemies. [demonic ancestry]
   194 | D:1      | Reached XP level 2. HP: 5/19 MP: 5/5
   490 | D:1      | Learned a level 2 spell: Ensorcelled Hibernation
   540 | D:1      | Reached skill level 3 in Stealth
   658 | D:1      | Reached XP level 3. HP: 24/24 MP: 6/6
  1058 | D:2      | Reached skill level 2 in Short Blades
  1139 | D:2      | Noticed Natasha
  1618 | D:2      | Killed Natasha
  1619 | D:2      | Gained mutation: You have a pair of small horns on your
                  | head. [demonic ancestry]
  1619 | D:2      | Reached XP level 4. HP: 30/30 MP: 4/7
  1647 | D:3      | Identified a scroll of acquirement
  1647 | D:3      | Identified the "Tyvoqu" (You acquired it on level 3 of the
                  | Dungeon)
  1647 | D:3      | Acquired the amulet "Wicoosent" {Spirit Contam Will++}
  1754 | D:3      | Reached skill level 1 in Ice Magic
  1767 | D:3      | HP: 7/30 [ball python (2)]
  1993 | D:3      | Reached XP level 5. HP: 20/35 MP: 0/9
  2000 | D:3      | HP: 8/35 [orc priest/+0 whip (6)]
  2005 | D:3      | Slain by an orc priest

Vanquished Creatures
  2 orc priests (D:3)
  Natasha (D:2)
  An orc wizard (D:3)
  An adder (D:2)
  A worm (D:2)
  2 dart slugs (D:1)
  6 orcs (D:3)
  3 bats
  5 endoplasms
  3 giant cockroaches
  7 goblins
  2 hobgoblins
  4 jackals (D:1)
  5 kobolds
  2 quokkas (D:1)
  6 ball pythons
  2 frilled lizards
  4 rats
57 creatures vanquished.

Table legend:
 A = Non-vault XP
 B = Vault XP
 C = Vault XP percentage of total XP
 D = Non-vault monster count
 E = Vault monster count
 F = Vault count percentage of total count
                 A         B        C        D         E       F
            +---------+---------+-------+---------+---------+-------
      Total |     232 |      35 |  13.1 |      56 |       1 |   1.8
            +---------+---------+-------+---------+---------+-------
        D:1 |      47 |       0 |   0.0 |      25 |       0 |   0.0
        D:2 |      42 |      35 |  45.5 |      17 |       1 |   5.6
        D:3 |     143 |       0 |   0.0 |      14 |       0 |   0.0
            +---------+---------+-------+---------+---------+-------

Skill      XL: |  1  2  3  4 |
---------------+-------------+-----
Short Blades   | 1 2 |  2.9
Stealth        | 3 |  3.4
Ice Magic      | 1 |  1.3
Dodging        | |  1.7
Spellcasting   | |  2.8
Hexes          | |  3.6

Action                     |  1- 3 |  4- 6 || total
---------------------------+-------+-------++-------
  Melee: Dagger            |   112 |    54 ||   166
         Punch             |     2 |       ||     2
         Headbutt          |       |     8 ||     8
   Cast: Ensorcelled Hiber |    13 |     3 ||    16
    Use: Scroll            |       |     1 ||     1
   Stab: Sleeping          |    15 |     1 ||    16
         Distracted        |     1 |       ||     1
         Paralysed         |     3 |     3 ||     6
 Armour: Robe              |    57 |    27 ||    84
  Dodge: Dodged            |    76 |    25 ||   101
  Block: Other             |     8 |     2 ||    10

Illustrated notes

Table legend:
 A = Kills in this place as a percentage of kills in the entire game.
 B = Kills by you in this place as a percentage of kills by you in the entire game.
 C = Kills by friends in this place as a percentage of kills by friends in the entire game.
 D = Other kills in this place as a percentage of other kills in the entire game.
 E = Experience gained in this place as a percentage of experience gained in the entire game.
 F = Experience gained in this place divided by the number of levels of this place that you have seen.
                   A       B       C       D       E      F
               +-------+-------+-------+-------+-------+----------------------
         Total | 100.0 | 100.0 |   N/A |   N/A | 100.0 |  89.0
       Dungeon | 100.0 | 100.0 |   N/A |   N/A | 100.0 |  89.0
               +-------+-------+-------+-------+-------+----------------------

Table legend: (Time is in decaauts)
 A = Elapsed time spent in this place.
 B = Non-inter-level travel time spent in this place.
 C = Inter-level travel time spent in this place.
 D = Time resting spent in this place.
 E = Time spent auto-exploring this place.
 F = Levels seen in this place.
 G = Mean time per level.
                   A        B        C        D        E       F      G
               +--------+--------+--------+--------+--------+-----+--------+
         Total |   1988 |   1952 |     36 |    122 |   1430 |   3 |  662.7 |
       Dungeon |   1988 |   1952 |     36 |    122 |   1430 |   3 |  662.7 |
               +--------+--------+--------+--------+--------+-----+--------+

Top non-repeatable levels by time:
     D:1: 818 daAuts
     D:2: 817 daAuts
     D:3: 352 daAuts
